[Event "Early-Titled-Tuesday-Blitz-February-13-2024"]
[Site "Chess.com"]
[Date "2024.02.13"]
[Round "2"]
[White "PabloZarnicki"]
[Black "Rsnr"]
[Result "1/2-1/2"]
[WhiteElo "2621"]
[BlackElo "2900"]
[TimeControl "180+1"]
[EndTime "8:19:35 PST"]
[Termination "Game drawn by agreement"]

1. e4 c6 2. d4 d5 3. Nc3 dxe4 4. Nxe4 Bf5 5. Ng3 Bg6 6. N1e2 Nf6 7. Nf4 e5 8. dxe5 Qa5+ 9. c3 Qxe5+ 10. Qe2 Nbd7 11. Nxg6 hxg6 12. Bf4 Qxe2+ 13. Bxe2 Bc5 14. a4 a5 15. O-O O-O 16. Rad1 Rfe8 17. Bf3 Ne5 18. Bxe5 Rxe5 19. Rfe1 Rae8 20. Rxe5 Rxe5 21. Kf1 g5 22. h3 Kf8 23. Re1 Rxe1+ 24. Kxe1 Nd7 25. Ne4 Be7 26. g4 Ne5 27. Ke2 Ng6 28. Bg2 Nf4+ 29. Kf1 Nd3 30. b3 g6 31. Bf3 Kg7 32. Nd2 Bf6 33. Ne4 Be7 34. Nd2 Nc5 35. Bd1 b5 36. axb5 cxb5 37. b4 axb4 38. cxb4 Ne6 39. Be2 Nd4 40. Nf3 Nxf3 41.
Bxf3 Bxb4 42. Bc6 Bc5 1/2-1/2

[Event "Early-Titled-Tuesday-Blitz-February-13-2024"]
[Site "Chess.com"]
[Date "2024.02.13"]
[Round "2"]
[White "HamedWafa4"]
[Black "Bugcrusher"]
[Result "1-0"]
[WhiteElo "2749"]
[BlackElo "2443"]
[TimeControl "180+1"]
[EndTime "8:19:35 PST"]
[Termination "HamedWafa4 won by resignation"]

1. e4 c6 2. d4 d5 3. e5 c5 4. Nf3 cxd4 5. Nxd4 Nc6 6. Nxc6 bxc6 7. Bd3 e6 8. O-O Bc5 9. Nd2 Ne7 10. Nf3 Qb6 11. Qe2 a5 12. Bg5 h6 13. Bd2 Ba6 14. b3 Bxd3 15.
cxd3 Nf5 16. Rac1 O-O 17. Rc2 Rfc8 18. Rfc1 Nd4 19. Nxd4 Bxd4 20. h4 a4 21. b4 a3 22. h5 c5 23. Qg4 Bxe5 24. bxc5 Qb5 25. d4 Ra4 26. Be3 Bf6 27. Qd1 Rc4 28. Rxc4 dxc4 29.
Qc2 Rc6 30. Qxc4 Qb8 31. Qa4 Qc8 32. Qxa3 Qd7 33. Qa8+ Kh7 34. Rd1 Rc8 35. Qa3 Qd5 36. Qd3+ Kh8 37. Qe2 Ra8 38. Ra1 Ra4 39. a3 Bxd4 40. Rd1 Qxc5 41. Rc1 Qd6 42. Qd3 Be5 43.
Rc8+ 1-0

[Event "Early-Titled-Tuesday-Blitz-February-13-2024"]
[Site "Chess.com"]
[Date "2024.02.13"]
[Round "2"]
[White "atomicmate123"]
[Black "Perecke"]
[Result "0-1"]
[WhiteElo "2319"]
[BlackElo "2546"]
[TimeControl "180+1"]
[EndTime "8:19:35 PST"]
[Termination "Perecke won by resignation"]

1. e4 c5 2. Nf3 e6 3. d4 cxd4 4. Nxd4 Nc6 5. Nc3 Qc7 6. Nxc6 bxc6 7. Bd3 d5 8. O-O Nf6 9. Qe2 h5 10. f4 Ng4 11. h3 Bc5+ 12. Kh1 Qe7 13. Na4 Qh4 14.
Qf3 Nf2+ 15. Kh2 Ng4+ 16. Kh1 Bf2 17. exd5 exd5 18. Bd2 Bg3 19. Rae1+ Be6 20. f5 O-O 21. Re2 Bd7 22. Nc5 Bc8 23. Kg1 Nh2 24. Rd1 Nxf3+ 25. gxf3 Qxh3 26. Rg2 Bd6 27. f6 g6 28. Bh6 Re8 29. Bxg6 Bxc5+ 30. Kf1 Qh1+ 0-1

[Event "Early-Titled-Tuesday-Blitz-February-13-2024"]
[Site "Chess.com"]
[Date "2024.02.13"]
[Round "2"]
[White "norwaytoadog"]
[Black "db-banana"]
[Result "0-1"]
[WhiteElo "2201"]
[BlackElo "2493"]
[TimeControl "180+1"]
[EndTime "8:19:35 PST"]
[Termination "db-banana won on time"]

1. e4 c5 2. Nf3 d6 3. Bb5+ Nd7 4. Ba4 g6 5. c3 Bg7 6. d4 e5 7.
dxc5 dxc5 8. Bg5 Qc7 9. O-O h6 10. Bh4 Nf6 11. Na3 a6 12. Nc4 O-O 13. Nd6 Nb6 14. Nxc8 Raxc8 15. Bc2 g5 16. Bg3 Nh5 17. Qe2 Nf4 18. Qe1 Rfe8 19. a4 Nd7 20. a5 c4 21. h4 Bf6 22. hxg5 hxg5 23. Nh2 Bg7 24. Ng4 Nf6 25. Ne3 Bf8 26. Nf5 Bc5 27. Ne3 Rcd8 28. f3 Kh7 29. Bf2 Rh8 30. Nf5 Kg6 31.
Bxc5 Qxc5+ 0-1

[Event "Early-Titled-Tuesday-Blitz-February-13-2024"]
[Site "Chess.com"]
[Date "2024.02.13"]
[Round "2"]
[White "abeljusto"]
[Black "tusplingher"]
[Result "0-1"]
[WhiteElo "2087"]
[BlackElo "2451"]
[TimeControl "180+1"]
[EndTime "8:19:35 PST"]
[Termination "tusplingher won on time"]

1. e4 c5 2. Nf3 d6 3. d4 cxd4 4.
Nxd4 Nf6 5. Nc3 a6 6. Bc4 e6 7. Bb3 Qc7 8. f4 Nbd7 9. O-O Nc5 10. Qe2 Nxb3 11. axb3 e5 12. Nf3 Bg4 13. fxe5 dxe5 14. Bg5 Bc5+ 15. Kh1 Be6 16. Nd2 O-O-O 17. Nc4 Bd4 18.
Nd1 h6 19. Bxf6 gxf6 20. c3 Bc5 21. Rxf6 Rhg8 22. Nde3 Qe7 23. Raf1 Rg5 24. Nf5 Qxf6 25. Nfd6+ Bxd6 26. Rxf6 Be7 27. Rf1 Rdg8 28. g3 h5 29. Ne3 h4 30. Nf5 Bf8 31. gxh4 Rg4 0-1

[Event "Early-Titled-Tuesday-Blitz-February-13-2024"]
[Site "Chess.com"]
[Date "2024.02.13"]
[Round "2"]
[White "Timerkhanov"]
[Black "ChessLover0108"]
[Result "0-1"]
[WhiteElo "2657"]
[BlackElo "3001"]
[TimeControl "180+1"]
[EndTime "8:19:36 PST"]
[Termination "ChessLover0108 won on time"]

1. d4 Nf6 2. Bg5 d5 3. Nd2 Nbd7 4. Ngf3 c5 5. e3 e6 6. c3 Bd6 7. Bd3 h6 8. Bh4 Qc7 9. e4 dxe4 10. Nxe4 Nxe4 11. Bxe4 O-O 12. Bc2 Re8 13. Qd3 Nf8 14. Bg3 b6 15. O-O-O Bb7 16. dxc5 Bxg3 17. hxg3 bxc5 18.
Qe3 Rad8 19. Rxd8 Rxd8 20. g4 f6 21. Rh5 e5 22. g5 hxg5 23. Nxg5 fxg5 24. Qh3 Qd6 25.
Rh8+ Kf7 26. Bb3+ c4 27. Bxc4+ Ke7 28. Qf3 Bxf3 0-1

[Event "Early-Titled-Tuesday-Blitz-February-13-2024"]
[Site "Chess.com"]
[Date "2024.02.13"]
[Round "2"]
[White "TheoSlade"]
[Black "Yaacovn"]
[Result "0-1"]
[WhiteElo "2428"]
[BlackElo "2930"]
[TimeControl "180+1"]
[EndTime "8:19:36 PST"]
[Termination "Yaacovn won by resignation"]

1. d4 Nf6 2. c4 e5 3. dxe5 Ne4 4.
Nd2 Bb4 5. Nf3 Nc6 6. a3 Nxd2 7. Bxd2 Bxd2+ 8. Qxd2 O-O 9. g3 Qe7 10. Bg2 Nxe5 11.
Nxe5 Qxe5 12. O-O d6 13. b4 Rb8 14. e3 Bd7 15. Qd4 Qxd4 16. exd4 Bc6 17. Bxc6 bxc6 18.
Rfe1 Rfe8 19. f3 Kf8 20. Kf2 a5 21. Rxe8+ Kxe8 22. bxa5 Kd7 23. Ke3 Ra8 24. Kd3 Rxa5 25. Kc3 g5 26. a4 h5 27. Kb4 Rf5 28. a5 Kc8 29. Ra3 Kb7 30. Re3 Ka6 31. Ra3 h4 32.
c5 Rf6 33. Re3 h3 34. Kc4 Rf5 35. Kb4 Kb7 36. Kc4 Rd5 37. Rb3+ Ka6 38. Re3 dxc5 39.
dxc5 Rd2 40. Re7 Kb7 41. Rxf7 Rxh2 42. Rg7 Rh1 43. Rxg5 h2 44. Rh5 Rc1+ 45. Kd4 h1=Q 46. Rxh1 Rxh1 47. g4 Kc8 48. g5 Kd7 49. Ke5 Ke7 50. f4 Ra1 51. Kf5 Rxa5 52. Kg6 Rxc5 53. f5 Rc1 54. Kg7 Rf1 55. f6+ Ke6 56. Kg8 Rxf6 57.
gxf6 Kxf6 0-1

[Event "Early-Titled-Tuesday-Blitz-February-13-2024"]
[Site "Chess.com"]
[Date "2024.02.13"]
[Round "2"]
[White "Maria_Severina"]
[Black "Rap_woyska"]
[Result "1-0"]
[WhiteElo "2478"]
[BlackElo "2455"]
[TimeControl "180+1"]
[EndTime "8:19:36 PST"]
[Termination "Maria_Severina won by resignation"]

1. d4 Nf6 2. Nf3 d5 3. g3 c6 4. Bg2 Bg4 5. O-O Nbd7 6. c4 e6 7. Nc3 Be7 8. Qd3 Bf5 9. Qd1 Ne4 10. Nd2 Nxc3 11. bxc3 O-O 12. e4 dxe4 13. Nxe4 Nf6 14. Qe2 Qa5 15. Bd2 Qa6 16. Nxf6+ Bxf6 17. Rfe1 Rad8 18.
c5 Bd3 19. Qe3 Bc4 20. a4 Rd7 21. f4 h6 22. Reb1 Bd5 23. Rb4 Bxg2 24. Kxg2 Rfd8 25. Be1 g6 26. Rab1 h5 27. Bf2 Kg7 28. h3 Rh8 29. g4 hxg4 30. hxg4 Bd8 31. Qe5+ Bf6 32.
Qe3 Kg8 33. f5 Re7 34. fxg6 fxg6 35. Qe4 Kf7 36. Bg3 Rf8 37. Bd6 Rfe8 38. Bxe7 Rxe7 39. Rf1 Kg7 40. g5 Bxg5 41. Qe5+ Kh6 42. Rh1+ 1-0

[Event "Early-Titled-Tuesday-Blitz-February-13-2024"]
[Site "Chess.com"]
[Date "2024.02.13"]
[Round "2"]
[White "wild3000"]
[Black "artin10862"]
[Result "0-1"]
[WhiteElo "2425"]
[BlackElo "2887"]
[TimeControl "180+1"]
[EndTime "8:19:37 PST"]
[Termination "artin10862 won on time"]

1. d4 Nf6 2. e3 g6 3. Nf3 Bg7 4. Be2 O-O 5. O-O d6 6. b3 a5 7. a3 e5 8. Bb2 e4 9. Nfd2 Re8 10. c4 h5 11. Nc3 Bf5 12. b4 Nbd7 13. Qb3 h4 14. bxa5 h3 15. g3 Qc8 16. Nd5 Rxa5 17. Bc3 Ra7 18. Rfb1 Nf8 19. Nxf6+ Bxf6 20. c5 Be6 21. d5 Bxd5 22. Qb2 Bxc3 23. Qxc3 Bc6 24. cxd6 cxd6 25. Nc4 Qd8 26. Qd4 Ra4 27. Rb4 Rxb4 28. axb4 d5 29. Na5 Ne6 30. Qb2 d4 31. b5 Bd5 32.
exd4 e3 33. fxe3 Ng5 34. Bg4 Qe7 35. Qf2 Qe4 36. Bf3 Nxf3+ 37. Kf1 Qd3+ 38. Qe2 Nxh2+ 39. Ke1 Rxe3 0-1

[Event "Early-Titled-Tuesday-Blitz-February-13-2024"]
[Site "Chess.com"]
[Date "2024.02.13"]
[Round "2"]
[White "GasconJR"]
[Black "Preobrazhenska_D2011"]
[Result "1-0"]
[WhiteElo "2563"]
[BlackElo "2352"]
[TimeControl "180+1"]
[EndTime "8:19:37 PST"]
[Termination "GasconJR won on time"]

1. e4 c5 2. Nf3 d6 3. d4 cxd4 4.
Nxd4 Nf6 5. Nc3 a6 6. Bd3 e5 7.
Nde2 Be7 8. O-O O-O 9. Ng3 Be6 10.
Nd5 Nxd5 11. exd5 Bxd5 12. Bxh7+ Kxh7 13. Qxd5 Qc7 14. Nf5 Nc6 15. Rd1 g6 16. Ne3 Rac8 17. c3 Qd7 18. Qf3 Qe6 19. Nd5 Kg7 20. g3 f5 21. h4 Rh8 22. Nxe7 Qxe7 23. Bg5 Qe6 24.
Qd5 Qxd5 25. Rxd5 e4 26. Rxd6 Kf7 27. Rd7+ Ke6 28. Rad1 f4 29. R1d6+ Kf5 30. Kh2 fxg3+ 31. fxg3 Kg4 32. Rf6 Rce8 33. Rf4+ 1-0

[Event "Early-Titled-Tuesday-Blitz-February-13-2024"]
[Site "Chess.com"]
[Date "2024.02.13"]
[Round "2"]
[White "AwareIdea"]
[Black "GoValya"]
[Result "0-1"]
[WhiteElo "2506"]
[BlackElo "2293"]
[TimeControl "180+1"]
[EndTime "8:19:37 PST"]
[Termination "GoValya won on time"]

1. d4 Nf6 2. c4 d5 3. Nc3 c6 4. cxd5 cxd5 5. Nf3 g6 6. Bf4 a6 7. e3 Bg7 8. Be2 O-O 9. O-O Nc6 10. h3 Bf5 11. Rc1 Ne4 12. a3 Rc8 13. Nxe4 dxe4 14.
Nd2 e5 15. dxe5 Nxe5 16. Bxe5 Bxe5 17. Rxc8 Qxc8 18. Qb3 Bxh3 19. Nxe4 Bf5 20. Nc3 Bb8 21. g3 Re8 22. Bf3 b5 23. Nd5 Be5 24. Bg2 Be6 25. e4 h5 26. Rd1 h4 27. gxh4 Qd8 28. f4 Bg7 29. e5 Qxh4 30. Qf3 Bg4 31. Qb3 Bxd1 32. Qxd1 g5 33. Qf3 gxf4 34. Nxf4 Rxe5 0-1

[Event "Early-Titled-Tuesday-Blitz-February-13-2024"]
[Site "Chess.com"]
[Date "2024.02.13"]
[Round "2"]
[White "tetrix83"]
[Black "cycygogne"]
[Result "1-0"]
[WhiteElo "2515"]
[BlackElo "2268"]
[TimeControl "180+1"]
[EndTime "8:19:37 PST"]
[Termination "tetrix83 won on time"]

1. e4 d5 2. exd5 Qxd5 3. Nc3 Qd6 4. d4 Nf6 5. Nf3 Bg4 6. h3 Bh5 7. g4 Bg6 8. Ne5 Nc6 9. Nxg6 hxg6 10. d5 Nb4 11. Bg2 O-O-O 12. O-O Nbxd5 13. Nxd5 Nxd5 14. c4 Nf6 15. Qf3 c6 16. g5 Nh5 17. Qxf7 e5 18. Be3 Be7 19. Rad1 Qc7 20. Qxg6 Nf4 21. Bxf4 exf4 22. Rfe1 Rxd1 23. Rxd1 Qe5 24. Bf3 Kb8 25. h4 Qxb2 26. Qe4 Bc5 27. Qxf4+ Ka8 28. Rd2 Qc1+ 29. Kg2 Qe1 30. h5 a5 31. Re2 Qa1 32.
Qe5 Bd4 33. Qxa5+ Kb8 34. Re7 Qb2 35. Qc7+ Ka8 36. Re2 Qc3 37. Bxc6 bxc6 38. Qxc6+ Kb8 39. Qb5+ Ka8 40. Re7 1-0

[Event "Early-Titled-Tuesday-Blitz-February-13-2024"]
[Site "Chess.com"]
[Date "2024.02.13"]
[Round "2"]
[White "Dinamo3"]
[Black "Akylbek2021"]
[Result "1-0"]
[WhiteElo "2526"]
[BlackElo "2279"]
[TimeControl "180+1"]
[EndTime "8:19:39 PST"]
[Termination "Dinamo3 won by resignation"]

1. c4 Nf6 2. Nc3 d5 3. cxd5 Nxd5 4. g3 g6 5. Bg2 Nb6 6. Nf3 Bg7 7. O-O O-O 8. d4 Nc6 9. d5 Na5 10. Bf4 Nac4 11.
Nd2 Nxb2 12. Qb3 Bd7 13. Qxb2 Na4 14. Qxb7 Nxc3 15. Bxc7 Nxe2+ 16. Kh1 Qc8 17. Rab1 Nc3 18. Rb3 Bb5 19. d6 Bxf1 20. Nxf1 exd6 21. Qxa8 Qxc7 22. Qb7 Qa5 23. a3 h5 24. h4 Re8 25. Ne3 Ne4 26.
Bxe4 Qe1+ 27. Kg2 Bd4 28. Bd5 Rf8 29. Qb4 Bc5 30. Qxe1 1-0

[Event "Early-Titled-Tuesday-Blitz-February-13-2024"]
[Site "Chess.com"]
[Date "2024.02.13"]
[Round "2"]
[White "vladgoncharov"]
[Black "Sychev_Klementy"]
[Result "0-1"]
[WhiteElo "2621"]
[BlackElo "2909"]
[TimeControl "180+1"]
[EndTime "8:19:40 PST"]
[Termination "Sychev_Klementy won by resignation"]

1. d4 Nf6 2. c4 g6 3. Nc3 Bg7 4. Nf3 d6 5. Bg5 h6 6. Bh4 g5 7. Bg3 Nh5 8. e3 Nd7 9. Be2 e6 10. Nd2 Nxg3 11. hxg3 Qe7 12. Qc2 a6 13. g4 c5 14. d5 Ne5 15. Nf1 b5 16. cxb5 c4 17. b6 Rb8 18. Bxc4 Nxc4 19. Qa4+ Bd7 20. Qxc4 Rxb6 21.
Ng3 O-O 22. O-O Rxb2 23. dxe6 fxe6 24. Rac1 Qf7 25. Kh2 Rxf2 26. Rxf2 Qxf2 27. Rf1 Qxe3 28. Rxf8+ Kxf8 29. Nce4 Be5 30. Qb4 Ke7 31. a4 Bc6 32. Qb8 Qxe4 33. Qa7+ Kf6 34. Qf2+ Kg6 0-1

[Event "Early-Titled-Tuesday-Blitz-February-13-2024"]
[Site "Chess.com"]
[Date "2024.02.13"]
[Round "2"]
[White "Witik"]
[Black "The_Straightforward_Rook"]
[Result "1/2-1/2"]
[WhiteElo "2707"]
[BlackElo "2424"]
[TimeControl "180+1"]
[EndTime "8:19:40 PST"]
[Termination "Game drawn by agreement"]

1. e4 c6 2. d4 d5 3. Nc3 dxe4 4.
Nxe4 Nf6 5. Nxf6+ exf6 6. c3 Bd6 7. Bd3 O-O 8. Qc2 Re8+ 9. Ne2 h6 10. O-O Nd7 11.
Bf4 Nf8 12. Bg3 a5 13. c4 a4 14. Rad1 Bg4 15. f3 Bh5 16. Rfe1 Bxg3 17. hxg3 Bg6 18.
Qc3 Re3 19. Nf4 Rxe1+ 20. Rxe1 Bxd3 21. Qxd3 Qd7 22. d5 b5 23. dxc6 Qxd3 24. Nxd3 bxc4 25.
Nb4 a3 26. bxa3 Ne6 27. Rc1 Rxa3 28. Rxc4 Ra4 29. Kf2 Nc7 30. Re4 Kf8 31. g4 Na6 32. Nd5 Rxa2+ 33. Kg3 Rc2 34. Ne7 Nc7 35. Nf5 Rxc6 36.
Rb4 Na6 37. Rb7 g6 38. Nd4 Rc7 39. Rb6 Nc5 40. Rxf6 Kg7 41. Rb6 Re7 42. Nb5 Ne6 43. Nd6 Rd7 44. Ne4 Ng5 45. Nxg5 hxg5 46. Rb5 Kf6 47.
Rb6+ 1/2-1/2

[Event "Early-Titled-Tuesday-Blitz-February-13-2024"]
[Site "Chess.com"]
[Date "2024.02.13"]
[Round "2"]
[White "wadsy27"]
[Black "viviania"]
[Result "0-1"]
[WhiteElo "2624"]
[BlackElo "2915"]
[TimeControl "180+1"]
[EndTime "8:19:41 PST"]
[Termination "viviania won on time"]

1. c4 e6 2. g3 d5 3. Bg2 dxc4 4. Qa4+ Nd7 5. Qxc4 a6 6. Qc2 c5 7. Nc3 Ngf6 8. Nf3 Bd6 9. O-O O-O 10. Rd1 Qe7 11. d4 h6 12. d5 Nxd5 13. Nxd5 exd5 14. Rxd5 Nf6 15. Rd1 Re8 16. b3 Bg4 17. Bb2 Rad8 18. e3 b5 19. Rac1 Qe6 20. Qb1 Ne4 21. Qa1 Qf5 22.
Bxg7 Bxf3 23. Bxf3 Qxf3 24. Bxh6 Qxf2+ 25. Kh1 Nxg3+ 26. hxg3 Qf3+ 27. Kg1 Qxg3+ 28. Kf1 Qh3+ 29. Ke2 Qxh6 30. Rg1+ Kf8 31. Qc3 Qh5+ 32. Kf2 Qe5 33. Qd3 Bb8 34. Qe2 Rd6 0-1

[Event "Early-Titled-Tuesday-Blitz-February-13-2024"]
[Site "Chess.com"]
[Date "2024.02.13"]
[Round "2"]
[White "ural58"]
[Black "larsmandreassen"]
[Result "1-0"]
[WhiteElo "2494"]
[BlackElo "2210"]
[TimeControl "180+1"]
[EndTime "8:19:41 PST"]
[Termination "ural58 won by resignation"]

1. e4 d5 2. exd5 Nf6 3. d4 Bg4 4. Bb5+ Nbd7 5. Be2 Bxe2 6. Qxe2 Nxd5 7. c4 N5f6 8. Nf3 e6 9. O-O c6 10. Nc3 Be7 11.
Bg5 O-O 12. Rfd1 h6 13. Bh4 Re8 14. h3 a5 15. b3 Qc7 16. a3 Rab8 17. Qc2 b5 18.
Nd2 b4 19. axb4 axb4 20. Na4 c5 21. Bg3 Qc6 22. Bxb8 Rxb8 23. dxc5 Nxc5 24. Nxc5 Bxc5 25. Qd3 Qb6 26. Qf3 Bd4 27. Ra4 e5 28. Rf1 Nd7 29. Ra8 g6 30. Rxb8+ Qxb8 31. Qc6 Nc5 32. Kh1 Kg7 33. f3 Bc3 34. Ne4 Nxe4 35. fxe4 Qd8 36.
Qd5 Qe7 37. c5 Bd4 38. c6 f6 39. Qd7 Kf7 40. Rc1 Qxd7 41. cxd7 Ke7 42. Rc6 f5 43. Rd6 Kd8 44. exf5 gxf5 45. g3 Bc5 46. Rd5 Bd4 47. Kg2 h5 48. Kf3 Bc3 49. Ke3 Bd4+ 50. Rxd4 exd4+ 51. Kxd4 Kxd7 52. Ke5 h4 53. gxh4 1-0

[Event "Early-Titled-Tuesday-Blitz-February-13-2024"]
[Site "Chess.com"]
[Date "2024.02.13"]
[Round "2"]
[White "Elnaz_Kaliakhmet"]
[Black "mjray79"]
[Result "1-0"]
[WhiteElo "2322"]
[BlackElo "2717"]
[TimeControl "180+1"]
[EndTime "8:19:42 PST"]
[Termination "Elnaz_Kaliakhmet won by resignation"]

1. d4 Nf6 2. c4 g6 3. Nc3 Bg7 4. e4 d6 5. h3 Na6 6. Be3 e5 7.
dxe5 dxe5 8. Qxd8+ Kxd8 9. O-O-O+ Ke8 10. Nf3 Nd7 11. Nb5 Ke7 12. Be2 b6 13. Rd2 Bb7 14. Rhd1 Rhd8 15. Nc3 c6 16. Ne1 Nac5 17. b4 Ne6 18.
Nc2 Nf6 19. g3 a5 20. b5 cxb5 21. cxb5 Rxd2 22. Rxd2 Nxe4 23. Nxe4 Bxe4 24. Bxb6 Rc8 25.
Kb2 a4 26. Ba5 Bf5 27. Bb4+ Ke8 28. Ne3 Bxh3 29. b6 Nd4 30. Ba6 Rb8 31. b7 Kd7 32.
Nc4 Be6 33. Na5 Kc7 34. Bc5 h5 35. Ba7 Rxb7+ 36. Bxb7 Nb5 37. Rc2+ Kd6 38. Bc5+ Kc7 39. Ba6 e4+ 40. Kc1 Nc3 41. Bb4 1-0

[Event "Early-Titled-Tuesday-Blitz-February-13-2024"]
[Site "Chess.com"]
[Date "2024.02.13"]
[Round "2"]
[White "JonaszBaum"]
[Black "Schattman"]
[Result "1-0"]
[WhiteElo "2657"]
[BlackElo "2395"]
[TimeControl "180+1"]
[EndTime "8:19:42 PST"]
[Termination "JonaszBaum won on time"]

1. d4 Nf6 2. c4 g6 3. Nc3 d5 4. cxd5 Nxd5 5. e4 Nxc3 6. bxc3 Bg7 7. Qa4+ c6 8. Nf3 b5 9. Qa3 O-O 10. Be2 a5 11. Be3 Nd7 12. O-O Bb7 13. e5 e6 14. h4 h6 15. Rfd1 Re8 16. g3 Nb6 17. Nd2 Nd5 18. Ne4 Nxe3 19. fxe3 b4 20. cxb4 axb4 21. Qxb4 Rb8 22. Qc3 c5 23. Nxc5 Qd5 24. Nxb7 Qxb7 25. Rf1 Rec8 26. Qd3 Bf8 27. h5 g5 28. Rf2 Rc7 29. Raf1 Bg7 30. Bd1 Qb5 31. Qe4 Qb7 32. Qxb7 Rbxb7 33. Bb3 Rb5 34. Kg2 Bf8 35. Bxe6 fxe6 36. Rxf8+ Kg7 37. R8f6 Rb2+ 38. R1f2 Rb1 39. Rg6+ Kh7 40. Rxe6 Kg7 41. Rg6+ Kh7 42. e6 1-0

[Event "Early-Titled-Tuesday-Blitz-February-13-2024"]
[Site "Chess.com"]
[Date "2024.02.13"]
[Round "2"]
[White "Orest_Vovk"]
[Black "DonkyDonkyDonkey"]
[Result "1-0"]
[WhiteElo "2653"]
[BlackElo "2939"]
[TimeControl "180+1"]
[EndTime "8:19:43 PST"]
[Termination "Orest_Vovk won by resignation"]

1. h4 e5 2. h5 d5 3. h6 Nxh6 4. d4 e4 5. Bxh6 gxh6 6. e3 Be6 7. c4 c6 8. Qb3 Qb6 9. Nc3 Qxb3 10. axb3 Bb4 11. Rxh6 Nd7 12. Nh3 Bxh3 13. Rxh3 a6 14.
Rh5 O-O-O 15. g3 Kb8 16. Bh3 Nb6 17. c5 Na8 18. Ke2 Bxc3 19. bxc3 Nc7 20. Bf5 f6 21. Rah1 Nb5 22. Kd2 a5 23. Rxh7 Rxh7 24. Rxh7 Rf8 25.
c4 Nc7 26. Rh1 Na6 27. cxd5 cxd5 28. Be6 Nb4 29. Rh5 Rd8 30. Rf5 Rh8 31. Bxd5 Rh1 32. Bxe4 Ra1 33. Rxf6 Ra2+ 34. Ke1 Rb2 35. Rf7 Rxb3 36.
Rxb7+ Kc8 37. Ra7 Ra3 38. g4 a4 39. g5 Ra1+ 40. Ke2 a3 41. g6 a2 42. Bg2 Rg1 43.
Kf3 Nc2 44. g7 Ne1+ 45. Ke2 Rxg2 46. Kxe1 Rxg7 47. Rxa2 Rg2 48. Ke2 Kd7 49. Kd3 Kc6 50. Kc4 Rg1 51. d5+ Kc7 52. e4 Rc1+ 53. Kd4 Kd7 54.
c6+ Ke8 55. Ke5 Ke7 56. f4 Kf7 57. f5 Kg7 58. Ra7+ Kh6 59. c7 Kg5 60. d6 Kh6 61. d7 Rc5+ 62. Kf4 1-0

[Event "Early-Titled-Tuesday-Blitz-February-13-2024"]
[Site "Chess.com"]
[Date "2024.02.13"]
[Round "2"]
[White "Lady_Nika"]
[Black "kushagramohan"]
[Result "1-0"]
[WhiteElo "2608"]
[BlackElo "2848"]
[TimeControl "180+1"]
[EndTime "8:19:44 PST"]
[Termination "Lady_Nika won by checkmate"]

1. d4 Nf6 2. e3 g6 3. f4 Bg7 4.
Nf3 O-O 5. Bd3 b6 6. O-O Bb7 7. c3 d6 8. Nbd2 Nbd7 9. f5 e5 10. fxe6 fxe6 11. Qb3 Qe7 12. Re1 Kh8 13. e4 e5 14. d5 Nc5 15. Qc2 Nxd3 16. Qxd3 Nh5 17. Nf1 Nf4 18. Bxf4 Rxf4 19. Ng3 Raf8 20. Rf1 Bc8 21.
Ne2 R4f7 22. Qe3 Bg4 23. Nd2 Qh4 24. Rxf7 Rxf7 25. Ng3 Bh6 26. Qd3 Qg5 27. Nc4 b5 28. Na3 a6 29. Nc2 Bg7 30. Rf1 Rxf1+ 31. Nxf1 h5 32.
Nb4 Qc1 33. h3 Bd1 34. b3 a5 35. Nc6 a4 36. Qxb5 Qxc3 37. bxa4 Qc2 38. Ne7 Qxe4 39. Qe8+ Kh7 40. Qg8+ Kh6 41. Qf7 Qf4 42. Qxg6# 1-0

[Event "Early-Titled-Tuesday-Blitz-February-13-2024"]
[Site "Chess.com"]
[Date "2024.02.13"]
[Round "2"]
[White "FredddieCroderg"]
[Black "Blitzking642"]
[Result "0-1"]
[WhiteElo "2323"]
[BlackElo "2540"]
[TimeControl "180+1"]
[EndTime "8:19:44 PST"]
[Termination "Blitzking642 won by resignation"]

1. e4 c5 2. Bc4 e6 3. Qf3 Nc6 4. d3 Nf6 5. Nc3 Be7 6. Nge2 O-O 7. O-O a6 8. Bg5 b5 9. Bb3 Bb7 10. a4 b4 11. Nd1 d5 12. exd5 Nxd5 13. Bxe7 Ncxe7 14. Qg3 Nf5 15. Qh3 Qf6 16. Ng3 Nxg3 17. hxg3 Rad8 18. Qh4 Qg6 19. Ne3 Nxe3 20. fxe3 h6 21. Rf4 Bd5 22. Bxd5 Rxd5 23. Rg4 Rg5 24. Rxg5 Qxg5 25. Qxg5 hxg5 26. Kf2 Rd8 27. b3 f6 28. e4 Kf7 29. Rh1 Kg6 30. Ke3 f5 31. Kf3 Rd4 32.
exf5+ exf5 33. Rh8 f4 34. Ra8 fxg3 35. Rxa6+ Kf5 36.
Rc6 Rd5 37. a5 Ke5 38. a6 Kd4 39. a7 Rd8 40. Rd6+ Rxd6 41. a8=Q Kc3 42. Qf8 Rf6+ 43.
Qxf6+ gxf6 44. Ke4 Kxc2 45. Kd5 Kxb3 46. Kxc5 Kc3 47.
d4 b3 48. d5 b2 49. d6 b1=Q 50. d7 Qd3 51. Kc6 Kd2 0-1

[Event "Early-Titled-Tuesday-Blitz-February-13-2024"]
[Site "Chess.com"]
[Date "2024.02.13"]
[Round "2"]
[White "AttilaTurzo"]
[Black "ValiantCeleb"]
[Result "1-0"]
[WhiteElo "2484"]
[BlackElo "2164"]
[TimeControl "180+1"]
[EndTime "8:19:44 PST"]
[Termination "AttilaTurzo won on time"]

1. d4 Nf6 2. Bf4 d5 3. Nf3 c5 4. e3 Nc6 5. Nbd2 cxd4 6. exd4 Bf5 7. c3 e6 8. Qb3 Qc8 9. Nh4 Bg6 10. Nxg6 hxg6 11.
Bd3 Nh5 12. Be3 Bd6 13. g3 Nf6 14. Be2 O-O 15. O-O a6 16. a4 e5 17. dxe5 Nxe5 18.
Kg2 Bc5 19. Bf4 Re8 20. Rae1 Qc6 21. Bxe5 Rxe5 22. Bf3 Rxe1 23. Rxe1 Rd8 24. h3 Qc7 25. Qc2 Ba7 26. Rd1 d4 27. Nb3 dxc3 28. Rxd8+ Qxd8 29. Qxc3 Qd7 30. a5 Kh7 31. Qb4 Nd5 32. Qe4 Nf6 33.
Qxb7 Qxb7 34. Bxb7 1-0

[Event "Early-Titled-Tuesday-Blitz-February-13-2024"]
[Site "Chess.com"]
[Date "2024.02.13"]
[Round "2"]
[White "Hikaru"]
[Black "Goryachkina"]
[Result "1-0"]
[WhiteElo "3381"]
[BlackElo "2695"]
[TimeControl "180+1"]
[EndTime "8:19:45 PST"]
[Termination "Hikaru won on time"]

1. Nf3 d5 2. g3 g6 3. Bg2 Bg7 4. d3 e5 5. O-O Ne7 6. c4 c6 7. Nc3 O-O 8. Qb3 h6 9. Bd2 Kh7 10. Rfd1 d4 11. Na4 Nd7 12. e3 dxe3 13. Bxe3 Nf5 14.
Bd2 Nd4 15. Nxd4 exd4 16. Re1 Ne5 17. Bf4 Re8 18. Bxe5 Rxe5 19. Rxe5 Bxe5 20. Re1 Bg7 21. Qb4 Bf8 22. Qd2 Bf5 23. b3 Rc8 24. Be4 Bh3 25. b4 Qf6 26. Bg2 Bf5 27. c5 Kg7 28. Nb2 b6 29.
cxb6 axb6 30. a3 b5 31. Rc1 c5 32. a4 bxa4 33. b5 Qb6 34. Nxa4 Qxb5 35. Nb2 Be6 36. h4 Rb8 37. Nc4 Bxc4 38. Rxc4 Qb1+ 39. Rc1 Qb2 40.
Rc2 Qb1+ 41. Kh2 Bd6 42. Rc1 Qb2 43. Rc2 Qb1 44. Qe2 Re8 45. Be4 f5 46. Rb2 Qc1 47.
Rb7+ Kf6 48. Qa2 Re7 49. Rb6 1-0

[Event "Early-Titled-Tuesday-Blitz-February-13-2024"]
[Site "Chess.com"]
[Date "2024.02.13"]
[Round "2"]
[White "jakopogi"]
[Black "AlexandraSamaganova"]
[Result "1-0"]
[WhiteElo "2735"]
[BlackElo "2341"]
[TimeControl "180+1"]
[EndTime "8:19:45 PST"]
[Termination "jakopogi won on time"]

1. e4 c5 2. Nc3 e6 3. g3 Nc6 4.
Bg2 g6 5. d3 Bg7 6. Be3 Nd4 7.
Qd2 h6 8. Nd1 Ne7 9. c3 Ndc6 10.
Bxc5 d6 11. Be3 d5 12. Nf3 b6 13. O-O Bb7 14. Re1 dxe4 15. dxe4 Qxd2 16. Nxd2 O-O 17.
f4 e5 18. Nf2 Rfd8 19. Nf3 Kh7 20. Red1 Rac8 21. Ng4 exf4 22. Bxf4 f5 23. exf5 Nxf5 24. Ne3 Nxe3 25. Bxe3 Na5 26. Rxd8 Rxd8 27. Nd2 Rd3 28. Re1 Bf6 29. Bxb7 Nxb7 30. Ne4 Be7 31. Kf2 Nd6 32. Ke2 Rd5 33. Nxd6 Bxd6 34. Rd1 Rxd1 35. Kxd1 h5 36. Ke2 h4 37. Bf4 Be7 38. g4 Kg7 39. Kf3 Kf7 40. Ke4 Ke6 41. h3 a6 42. c4 b5 43. b3 bxc4 44. bxc4 Bd8 45. c5 Kd7 46. Kd5 Kc8 47. c6 Bb6 48. Ke6 Bc7 49. Bxc7 Kxc7 50.
Kd5 g5 51. Kc5 a5 52. a4 Kc8 53. Kb6 Kb8 54. Kxa5 Kc7 55. Kb5 Kc8 56. a5 1-0